MLB
ARIZONA DIAMONDBACKS @ MILWAUKEE BREWERS
10/28/2074
 
TOP OF THE 1ST
Arizona Diamondbacks batting - Pitching for Milwaukee Brewers : RHP Danny Alonso
Pitching: RHP Danny Alonso
Batting: LHB Danny Delgado 0-0: Called Strike
0-1: Ball
1-1: Called Strike
1-2: Foul Ball, location: 2F
1-2: Fly out, F2 (Popup, 2LF, EV 94.4 MPH)
Batting: LHB Jim Kimble 0-0: Called Strike
0-1: Foul Ball, location: 2F
0-2: Foul Ball, location: 2F
0-2: SINGLE (Flyball, 8RS, EV 94.4 MPH)
Batting: SHB Ismael Anzaldua 0-0: Ball
1-0: Foul Ball, location: 2F
1-1: Ball
2-1: Swinging Strike
2-2: Strikes out swinging
Batting: LHB Mario Payes 0-0: Ball
1-0: Ground out U3 (Groundball, 34S, EV 80.6 MPH)
Top of the 1st over - 0 runs, 1 hit, 0 errors, 1 left on base; Arizona 0 - Milwaukee 0
BOTTOM OF THE 1ST
Milwaukee Brewers batting - Pitching for Arizona Diamondbacks : RHP Vicente Arango
Pitching: RHP Vicente Arango
Batting: RHB Bob Leatherwood 0-0: Ball
1-0: Swinging Strike
1-1: Foul Ball, location: 2F
1-2: SINGLE (Line Drive, 9S, EV 101.2 MPH)
Batting: LHB Ricardo Salinas 0-0: Ball
1-0: Ball
2-0: Swinging Strike
2-1: Ball
3-1: SINGLE (Groundball, 56S, EV 70.0 MPH) (infield hit)
Bob Leatherwood to second
Batting: LHB Sean Whitacre 0-0: Ball
1-0: Ball
2-0: Ball
3-0: Base on Balls
Bob Leatherwood to third
Ricardo Salinas to second
Batting: LHB Steve Casarez 0-0: Ball
1-0: Foul Ball, location: 2F
1-1: Called Strike
1-2: SINGLE (Flyball, 8LS, EV 91.2 MPH)
Bob Leatherwood scores
Ricardo Salinas to third
Sean Whitacre to second
Runner from 3rd tries for Home, SAFE, throw by CF to home
Batting: RHB Tony Esquivel 0-0: SINGLE (Groundball, 56D, EV 102.5 MPH)
Sean Whitacre to third
Steve Casarez to second
Batting: LHB Fred Anselmo 0-0: Ball
1-0: Ball
2-0: Ball
3-0: Called Strike
3-1: Called Strike
3-2: Strikes out swinging
Batting: RHB Raul Linares 0-0: Ball
1-0: Foul Ball, location: 2F
1-1: Ground out 4-3 (Groundball, 4S, EV 73.8 MPH)
Sean Whitacre scores
Steve Casarez to third
Tony Esquivel to second
Batting: LHB David Cervantes 0-0: Foul Ball, location: 2F
0-1: Called Strike
0-2: Strikes out swinging
Bottom of the 1st over - 3 runs, 4 hits, 0 errors, 2 left on base; Arizona 0 - Milwaukee 3
TOP OF THE 2ND
Arizona Diamondbacks batting - Pitching for Milwaukee Brewers : RHP Danny Alonso
Batting: RHB Zack Reyes 0-0: Foul Ball, location: 2F
0-1: Called Strike
0-2: Strikes out swinging
Batting: LHB Dave Pomeroy 0-0: Fly out, F7 (Flyball, 7, EV 82.5 MPH)
Batting: RHB Nate Oliver 0-0: Foul Ball, location: 2F
0-1: Foul Ball, location: 2F
0-2: Ball
1-2: Ball
2-2: Ball
3-2: Strikes out swinging
Top of the 2nd over - 0 runs, 0 hits, 0 errors, 0 left on base; Arizona 0 - Milwaukee 3
BOTTOM OF THE 2ND
Milwaukee Brewers batting - Pitching for Arizona Diamondbacks : RHP Vicente Arango
Batting: RHB Josh Lane 0-0: Fly out, F9 (Flyball, 9LD, EV 108.8 MPH)
Batting: RHB Bob Leatherwood 0-0: Ball
1-0: Ball
2-0: SINGLE (Groundball, 34D, EV 96.9 MPH)
Batting: LHB Ricardo Salinas 0-0: Ball
1-0: Foul Ball, location: 2F
1-1: Foul Ball, location: 2F
1-2: Foul Ball, location: 2F
1-2: Fly out, F7 (Line Drive, 7, EV 90.6 MPH)
Batting: LHB Sean Whitacre 0-0: Called Strike
0-1: Ball
1-1: 2-RUN HOME RUN (Flyball, 7D, EV 98.1 MPH), Distance : 385 ft
Pitching: RHP Dante Ramos
Batting: LHB Steve Casarez 0-0: Fly out, F8 (Flyball, 8RM, EV 80.6 MPH)
Bottom of the 2nd over - 2 runs, 2 hits, 0 errors, 0 left on base; Arizona 0 - Milwaukee 5
TOP OF THE 3RD
Arizona Diamondbacks batting - Pitching for Milwaukee Brewers : RHP Danny Alonso
Batting: SHB Jim Logsdon 0-0: Swinging Strike
0-1: Ball
1-1: Foul Ball, location: 2F
1-2: Ball
2-2: Ball
3-2: Base on Balls
Batting: RHB Raul Garcia 0-0: Ball
1-0: Ball
2-0: Fly out, F8 (Flyball, 8RS, EV 96.2 MPH)
Batting: LHB Danny Delgado 0-0: Ball
1-0: Ball
2-0: Called Strike
2-1: Fielders Choice at 2nd, 4-6 (Groundball, 13, EV 78.1 MPH)
Batting: LHB Jim Kimble 0-0: Ball
1-0: Called Strike
1-1: Foul Ball, location: 2F
1-2: SINGLE (Line Drive, 89S, EV 103.8 MPH)
Danny Delgado to second
Batting: SHB Ismael Anzaldua 0-0: Called Strike
0-1: Ball
1-1: Ball
2-1: Swinging Strike
2-2: Ball
3-2: Fly out, F8 (Flyball, 78M, EV 90.0 MPH)
Top of the 3rd over - 0 runs, 1 hit, 0 errors, 2 left on base; Arizona 0 - Milwaukee 5
BOTTOM OF THE 3RD
Milwaukee Brewers batting - Pitching for Arizona Diamondbacks : RHP Dante Ramos
Batting: RHB Tony Esquivel 0-0: Ball
1-0: Foul Ball, location: 2F
1-1: SINGLE (Line Drive, 78S, EV 108.8 MPH)
Batting: LHB Fred Anselmo 0-0: Ball
1-0: Foul Ball, location: 2F
1-1: Foul Ball, location: 2F
1-2: Foul Ball, location: 2F
1-2: Ball
2-2: Foul Ball, location: 2F
2-2: Fly out, F8 (Flyball, 89M, EV 85.6 MPH)
Batting: RHB Raul Linares 0-0: Ball
1-0: SINGLE (Line Drive, 8RS, EV 96.2 MPH)
Tony Esquivel to second
Batting: LHB David Cervantes 0-0: Ball
Wild Pitch!
Tony Esquivel to third
Raul Linares to second
1-0: Called Strike
1-1: Ball
2-1: SINGLE (Groundball, 6M, EV 107.5 MPH) (infield hit)
Tony Esquivel scores
Raul Linares to third
Batting: RHB Josh Lane 0-0: Called Strike
0-1: Ball
1-1: Foul Ball, location: 2F
Balk!
Raul Linares scores
David Cervantes to second
1-2: Ball
2-2: Strikes out swinging
Batting: RHB Bob Leatherwood 0-0: Ball
1-0: Ground out 5-3 (Groundball, 5L, EV 99.4 MPH)
Bottom of the 3rd over - 2 runs, 3 hits, 0 errors, 1 left on base; Arizona 0 - Milwaukee 7
TOP OF THE 4TH
Arizona Diamondbacks batting - Pitching for Milwaukee Brewers : RHP Danny Alonso
Batting: LHB Mario Payes 0-0: Ball
1-0: Called Strike
1-1: Ball
2-1: Ground out 4-3 (Groundball, 4, EV 80.6 MPH)
Batting: RHB Zack Reyes 0-0: Called Strike
0-1: Foul Ball, location: 2F
0-2: Ball
1-2: Strikes out swinging
Batting: LHB Dave Pomeroy 0-0: Ball
1-0: Ball
2-0: Called Strike
2-1: Ball
3-1: SOLO HOME RUN (Line Drive, 9D, EV 100.0 MPH), Distance : 395 ft
Batting: RHB Nate Oliver 0-0: Foul Ball, location: 2F
0-1: Foul Ball, location: 2F
0-2: Strikes out looking
Top of the 4th over - 1 run, 1 hit, 0 errors, 0 left on base; Arizona 1 - Milwaukee 7
BOTTOM OF THE 4TH
Milwaukee Brewers batting - Pitching for Arizona Diamondbacks : RHP Dante Ramos
Batting: LHB Ricardo Salinas 0-0: Ball
1-0: Fly out, F2 (Popup, 2RF, EV 93.1 MPH)
Batting: LHB Sean Whitacre 0-0: Ground out U3 (Groundball, 34, EV 91.2 MPH)
Batting: LHB Steve Casarez 0-0: Ball
1-0: Ground out 6-3 (Groundball, 6M, EV 83.1 MPH)
Bottom of the 4th over - 0 runs, 0 hits, 0 errors, 0 left on base; Arizona 1 - Milwaukee 7
TOP OF THE 5TH
Arizona Diamondbacks batting - Pitching for Milwaukee Brewers : RHP Danny Alonso
Batting: SHB Jim Logsdon 0-0: Called Strike
0-1: Foul Ball, location: 2F
0-2: Ball
1-2: Ball
2-2: Ball
3-2: Foul Ball, location: 2F
3-2: Ground out 4-3 (Groundball, 4S, EV 82.5 MPH)
Batting: RHB Raul Garcia 0-0: Foul Ball, location: 2F
0-1: Ball
1-1: Swinging Strike
1-2: Ball
2-2: Ball
3-2: Base on Balls
Pitching: LHP C.J. Allison
Batting: LHB Danny Delgado 0-0: Called Strike
Pickoff Throw to First - Error! E1
Raul Garcia to second
0-1: Ground out U3 (Groundball, 3L, EV 87.5 MPH)
Raul Garcia to third
Batting: LHB Jim Kimble 0-0: Called Strike
0-1: Ball
1-1: Foul Ball, location: 2F
1-2: Ball
2-2: Fly out, F9 (Flyball, 9LS, EV 95.6 MPH)
Top of the 5th over - 0 runs, 0 hits, 1 error, 1 left on base; Arizona 1 - Milwaukee 7
BOTTOM OF THE 5TH
Milwaukee Brewers batting - Pitching for Arizona Diamondbacks : RHP Dante Ramos
Batting: RHB Tony Esquivel 0-0: Foul Ball, location: 2F
0-1: DOUBLE (Line Drive, 9LS, EV 94.4 MPH)
Batting: LHB Fred Anselmo 0-0: Fly out, F7 (Line Drive, 7, EV 93.1 MPH)
Batting: RHB Raul Linares 0-0: Ball
1-0: Fly out, F8 (Flyball, 8RXD, EV 97.5 MPH)
Runner from 2nd tags up, SAFE at 3rd, no throw by CF
Batting: LHB David Cervantes 0-0: Swinging Strike
0-1: SINGLE (Groundball, 34D, EV 98.1 MPH)
Tony Esquivel scores
Pitching: RHP John Decker
Batting: RHB Josh Lane 0-0: Called Strike
0-1: Called Strike
0-2: Ball
1-2: Strikes out swinging
Bottom of the 5th over - 1 run, 2 hits, 0 errors, 1 left on base; Arizona 1 - Milwaukee 8
TOP OF THE 6TH
Arizona Diamondbacks batting - Pitching for Milwaukee Brewers : LHP C.J. Allison
Batting: SHB Ismael Anzaldua 0-0: Ball
1-0: Ball
2-0: Called Strike
2-1: Swinging Strike
2-2: Strikes out looking
Pinch Hitting: RHB Marco de la Cruz 0-0: Ball
1-0: Called Strike
1-1: Fly out, F8 (Flyball, 8RM, EV 90.6 MPH)
Batting: RHB Zack Reyes 0-0: Ground out 5-3 (Groundball, 56S, EV 68.1 MPH)
Top of the 6th over - 0 runs, 0 hits, 0 errors, 0 left on base; Arizona 1 - Milwaukee 8
BOTTOM OF THE 6TH
Milwaukee Brewers batting - Pitching for Arizona Diamondbacks : RHP John Decker
Now in RF: Nick Keller
Batting: RHB Bob Leatherwood 0-0: Ball
1-0: Ball
2-0: Fly out, F8 (Flyball, 89D, EV 84.4 MPH)
Batting: LHB Ricardo Salinas 0-0: Ground out 4-3 (Groundball, 4, EV 86.9 MPH)
Batting: LHB Sean Whitacre 0-0: Foul Ball, location: 2F
0-1: Ball
1-1: Fly out, F5 (Line Drive, 5, EV 69.4 MPH)
Bottom of the 6th over - 0 runs, 0 hits, 0 errors, 0 left on base; Arizona 1 - Milwaukee 8
TOP OF THE 7TH
Arizona Diamondbacks batting - Pitching for Milwaukee Brewers : LHP C.J. Allison
Batting: LHB Dave Pomeroy 0-0: Ball
1-0: Ball
2-0: Ball
3-0: Called Strike
3-1: SINGLE (Line Drive, 78S, EV 103.1 MPH)
Batting: RHB Nate Oliver 0-0: Foul Ball, location: 2F
0-1: Ball
1-1: Ball
2-1: Swinging Strike
2-2: Foul Ball, location: 2F
2-2: Foul Ball, location: 2F
2-2: Foul Ball, location: 2F
2-2: Ball
3-2: Strikes out looking
Batting: SHB Jim Logsdon 0-0: Called Strike
0-1: Called Strike
0-2: Foul Ball, location: 2F
0-2: Ball
1-2: Ball
2-2: Foul Ball, location: 2F
2-2: Foul Ball, location: 2F
2-2: Ball
3-2: Foul Ball, location: 2F
3-2: Base on Balls
Dave Pomeroy to second
Batting: RHB Raul Garcia 0-0: Fly out, F4 (Popup, 34S, EV 67.5 MPH)
Batting: LHB Danny Delgado 0-0: Foul Ball, location: 2F
0-1: Foul Ball, location: 2F
0-2: Fly out, F3 (Line Drive, 3, EV 67.5 MPH)
Top of the 7th over - 0 runs, 1 hit, 0 errors, 2 left on base; Arizona 1 - Milwaukee 8
BOTTOM OF THE 7TH
Milwaukee Brewers batting - Pitching for Arizona Diamondbacks : RHP John Decker
Batting: LHB Steve Casarez 0-0: Ball
1-0: SINGLE (Groundball, 34D, EV 104.4 MPH)
Batting: RHB Tony Esquivel 0-0: Ball
1-0: Grounds into double play, 5-4-3 (Groundball, 56S, EV 77.5 MPH)
Batting: LHB Fred Anselmo 0-0: DOUBLE (Groundball, 3L, EV 100.6 MPH)
Batting: RHB Raul Linares 0-0: Called Strike
0-1: Ball
1-1: SINGLE (Groundball, 34D, EV 96.2 MPH)
Fred Anselmo to third
Runner from 3rd tries for Home, SAFE, throw by RF to home
Batting: LHB David Cervantes 0-0: Foul Ball, location: 2F
0-1: Swinging Strike
0-2: Ball
Wild Pitch!
Raul Linares to second
1-2: Strikes out swinging
Bottom of the 7th over - 1 run, 3 hits, 0 errors, 1 left on base; Arizona 1 - Milwaukee 9
TOP OF THE 8TH
Arizona Diamondbacks batting - Pitching for Milwaukee Brewers : LHP C.J. Allison
Batting: LHB Jim Kimble 0-0: Ball
1-0: Foul Ball, location: 2F
1-1: Ground out U3 (Groundball, 34, EV 98.8 MPH)
Batting: SHB Ismael Anzaldua 0-0: Called Strike
0-1: Ball
1-1: Ball
2-1: Ball
3-1: Foul Ball, location: 2F
3-2: Strikes out swinging, 2-3 out at first.
Batting: RHB Nick Keller 0-0: Ball
1-0: Swinging Strike
1-1: Fly out, F7 (Line Drive, 7, EV 107.5 MPH)
Top of the 8th over - 0 runs, 0 hits, 0 errors, 0 left on base; Arizona 1 - Milwaukee 9
BOTTOM OF THE 8TH
Milwaukee Brewers batting - Pitching for Arizona Diamondbacks : RHP John Decker
Batting: RHB Josh Lane 0-0: Called Strike
0-1: Ball
1-1: Foul Ball, location: 2F
1-2: SINGLE (Flyball, 56D, EV 86.9 MPH)
Pitching: LHP Aaron Hilgendorf
Batting: RHB Bob Leatherwood 0-0: Called Strike
0-1: Ball
1-1: Ball
2-1: Swinging Strike
2-2: Fielders Choice at 2nd, 4-6 (Groundball, 4, EV 87.5 MPH)
Batting: LHB Ricardo Salinas 0-0: Ball
1-0: Called Strike
1-1: Ball
2-1: Foul Ball, location: 2F
2-2: Foul Ball, location: 2F
2-2: Foul Ball, location: 2F
2-2: Foul Ball, location: 2F
2-2: Ball
3-2: Foul Ball, location: 2F
3-2: SINGLE (Line Drive, 78M, EV 105.0 MPH)
Bob Leatherwood to second
Batting: LHB Sean Whitacre 0-0: Called Strike
0-1: Called Strike
0-2: Ball
1-2: Strikes out swinging
Batting: LHB Steve Casarez 0-0: Called Strike
0-1: Fielders Choice at 2nd, U6 (Groundball, 4, EV 92.5 MPH)
Bottom of the 8th over - 0 runs, 2 hits, 0 errors, 2 left on base; Arizona 1 - Milwaukee 9
TOP OF THE 9TH
Arizona Diamondbacks batting - Pitching for Milwaukee Brewers : LHP C.J. Allison
Pitching: RHP Elijah Nilson
Batting: RHB Zack Reyes 0-0: Called Strike
0-1: Ball
1-1: Ball
2-1: Swinging Strike
2-2: Strikes out swinging
Batting: LHB Dave Pomeroy 0-0: SINGLE (Line Drive, 7S, EV 91.9 MPH)
Batting: RHB Nate Oliver 0-0: Called Strike
0-1: Ball
1-1: Ball
2-1: Called Strike
2-2: Reached on error, E1 (Groundball, 15S, EV 63.1 MPH)
Dave Pomeroy to second
Batting: SHB Jim Logsdon 0-0: Called Strike
0-1: Foul Ball, location: 2F
0-2: Ball
1-2: Ball
2-2: Ball
3-2: Fielders Choice at 2nd, 6-4 (Groundball, 6M, EV 108.8 MPH)
Dave Pomeroy to third
Pinch Hitting: RHB Jim Sheehan 0-0: Ball
1-0: Ball
2-0: Called Strike
2-1: Foul Ball, location: 2F
2-2: Strikes out swinging
Top of the 9th over - 0 runs, 1 hit, 1 error, 2 left on base; Arizona 1 - Milwaukee 9
Wednesday, January 12th , 2022 - OOTP Baseball 22.12 Build 86